AoeStats
← NikNak1876795

Black Forest

510178659Analyzed
4v4 RM · 3d ago on Sep 29, 2026· 54m 27s· 8 players
Game mode
Random Map
Map size
Large (8 player)
Population
200
Speed
Normal
Resources
Standard
Victory
Conquest
Starting age
Dark Age
Ending age
Imperial Age
RankedLock teamsTeams togetherTeam positionsShared explorationLock speedFull tech treeHidden civsTurbo modeCheats
Victory
Defeat
🇮🇹 Bohemians · Italy
949
+15
🇩🇪 Franks · Germany
916
+16
🇩🇪 Bengalis · Germany
895
+17
🇹🇷 Khmer · Türkiye
879
+18
🇩🇪 Poles · Germany
958
-17
🇹🇷 Varangians · Türkiye
954
-18
🇨🇱 Turks · Chile
901
-16
🇪🇸 Vikings · Spain
872
-15
wallacebru
13:19 Feudal Age
18:26 Castle Age
16:46 Double-Bit Axe
20:06 Bow Saw
19:37 Horse Collar
20:56 Fervor
21:50 Wheelbarrow
24:00 Heavy Plow
25:09 Chemistry
32:08 Imperial Age
31:31 Scale Mail Armor
31:41 Forging
31:27 Man-at-Arms
32:12 Murder Holes
32:28 Fortified Wall
34:06 Iron Casting
33:46 Chain Mail Armor
32:55 Long Swordsman
34:19 Hand Cart
34:01 Two-Handed Swordsman
36:52 Plate Mail Armor
37:23 Blast Furnace
35:45 Champion
35:57 Houfnice
36:47 Herbal Medicine
37:09 Block Printing
37:30 Theocracy
37:09 Redemption
37:19 Sanctity
37:25 Illumination
37:01 Town Watch
37:03 Loom
41:28 Pikeman
42:08 Squires
42:18 Halberdier
godibaba
11:12 Feudal Age
11:52 Loom
11:51 Horse Collar
11:58 Double-Bit Axe
17:36 Castle Age
19:59 Bow Saw
20:08 Heavy Plow
21:16 Wheelbarrow
23:50 Hand Cart
26:16 Gold Mining
26:16 Stone Mining
26:55 Caravan
28:27 Coinage
32:34 Imperial Age
32:34 Forging
32:30 Scale Barding Armor
32:25 Padded Archer Armor
32:16 Fletching
33:24 Tusk Swords
33:45 Conscription
32:46 Elite Ballista Elephant
33:26 Double Crossbow
34:02 Hoardings
33:41 Bloodlines
33:34 Husbandry
34:50 Iron Casting
35:24 Chain Barding Armor
35:41 Banking
36:32 Gold Shaft Mining
36:32 Stone Shaft Mining
36:31 Crop Rotation
37:09 Chemistry
36:29 Ballistics
37:54 Elite Battle Elephant
39:38 Plate Barding Armor
40:03 Blast Furnace
43:20 Leather Archer Armor
43:01 Bodkin Arrow
46:01 Ring Archer Armor
45:31 Bracer
Deatho
12:11 Feudal Age
12:43 Double-Bit Axe
12:40 Horse Collar
15:39 Wheelbarrow
15:59 Fishing Lines
21:58 Castle Age
21:57 Stone Mining
21:58 Gold Mining
23:38 Heavy Plow
24:47 Bow Saw
25:35 Hand Cart
26:50 Gold Shaft Mining
26:09 Fletching
26:19 Padded Archer Armor
28:03 Caravan
31:24 Imperial Age
29:08 Town Watch
29:08 Loom
31:11 Gillnets
31:40 Paiks
33:17 Conscription
32:58 Bodkin Arrow
33:19 Leather Archer Armor
33:06 Husbandry
33:17 Bloodlines
34:17 Elite Ratha (Ranged)
35:17 Mahayana
34:28 Elite Elephant Archer
36:21 Two-Man Saw
35:54 Crop Rotation
37:18 Masonry
38:10 Chemistry
37:32 Ballistics
37:12 Murder Holes
37:45 Bracer
38:16 Ring Archer Armor
37:57 Forging
37:47 Scale Mail Armor
37:56 Scale Barding Armor
39:00 Mahayana
42:53 Iron Casting
42:18 Scale Mail Armor
42:41 Chain Barding Armor
42:08 Siege Elephant
49:55 Blast Furnace
49:30 Plate Barding Armor
54:30 Town Patrol
55:35 Blast Furnace
54:06 Elite Battle Elephant
NikNak1876795
0:44 Loom
10:51 Feudal Age
17:50 Castle Age
24:46 Wheelbarrow
25:29 Double-Bit Axe
27:38 Bow Saw
27:33 Gold Mining
27:39 Stone Mining
28:46 Hand Cart
31:44 Gold Shaft Mining
35:05 Imperial Age
34:34 Forging
34:25 Scale Mail Armor
34:31 Scale Barding Armor
34:35 Caravan
35:33 Treadmill Crane
36:04 Fortified Wall
36:55 Chemistry
36:16 Ballistics
36:37 Iron Casting
36:17 Chain Mail Armor
35:25 Cavalier
36:08 Husbandry
36:31 Conscription
36:13 Chivalry
37:18 Paladin
40:13 Masonry
40:00 Murder Holes
40:56 Chain Barding Armor
41:37 Blast Furnace
44:33 Plate Barding Armor
43:56 Light Cavalry
cristian.nure
0:28 Loom
14:58 Feudal Age
15:54 Double-Bit Axe
17:19 Horse Collar
21:25 Castle Age
20:29 Stone Mining
20:35 Gold Mining
24:24 Fletching
25:24 Wheelbarrow
28:12 Bodkin Arrow
29:01 Town Watch
30:52 Hand Cart
31:40 Ballistics
31:19 Murder Holes
33:41 Caravan
34:12 Coinage
36:26 Imperial Age
34:37 Padded Archer Armor
35:00 Town Patrol
35:33 Treadmill Crane
36:17 Bow Saw
36:24 Heavy Plow
37:36 Artillery
37:52 Bracer
38:09 Leather Archer Armor
38:21 Conscription
38:43 Bombard Tower
38:01 Elite Janissary
40:25 Ring Archer Armor
Macholdi
0:32 Loom
13:30 Feudal Age
14:47 Wheelbarrow
13:57 Horse Collar
14:09 Gold Mining
14:08 Double-Bit Axe
15:01 Stone Mining
21:13 Castle Age
22:39 Hand Cart
22:41 Heavy Plow
22:55 Bow Saw
31:22 Imperial Age
32:21 Scale Barding Armor
32:27 Forging
32:26 Husbandry
32:37 Bloodlines
31:49 Light Cavalry
31:50 Cavalier
32:55 Conscription
32:44 Szlachta Privileges
33:02 Lechitic Legacy
33:56 Crop Rotation
35:04 Chemistry
33:45 Treadmill Crane
34:48 Caravan
35:18 Coinage
35:29 Winged Hussar
39:21 Stone Shaft Mining
39:13 Chain Barding Armor
41:41 Onager
45:08 Banking
52:31 Iron Casting
51:57 Scale Mail Armor
hknarsln
12:57 Feudal Age
14:35 Double-Bit Axe
18:15 Castle Age
17:02 Horse Collar
18:00 Wheelbarrow
17:50 Fishing Lines
20:29 Hand Cart
21:34 Bow Saw
21:27 Heavy Plow
23:54 Gillnets
25:14 Gold Mining
25:14 Stone Mining
28:46 Stone Mining
31:50 Imperial Age
30:59 Stone Shaft Mining
30:39 Loom
31:30 Scale Barding Armor
31:35 Forging
31:26 Scale Mail Armor
31:19 Vendel Legacy
32:52 Bloodlines
32:43 Husbandry
32:03 Cavalier
33:11 Chain Barding Armor
34:04 Iron Casting
33:25 Gambesons
33:40 Squires
33:26 Arson
33:02 Elite Varangian Guard
34:36 Chain Mail Armor
33:53 Elite Jarl
35:47 Conscription
34:47 Gothikon
36:10 Plate Barding Armor
36:38 Blast Furnace
37:27 Chemistry
36:48 Ballistics
36:36 Siege Engineers
37:32 Chemistry
36:16 Treadmill Crane
38:12 Plate Mail Armor
39:36 Caravan
42:03 Devotion
CP_Hispano
1:11 Loom
12:27 Feudal Age
15:12 Horse Collar
18:05 Double-Bit Axe
22:54 Castle Age
24:10 Bow Saw
24:34 Fletching
24:44 Padded Archer Armor
30:23 Caravan
30:55 Coinage
30:45 Gold Mining
31:56 Leather Archer Armor
36:03 Imperial Age
33:43 Heavy Plow
34:06 Town Watch
34:02 Crossbowman
34:41 Bodkin Arrow
34:48 Scale Mail Armor
34:59 Forging
36:05 Town Patrol
36:43 Arbalester
37:58 Ring Archer Armor
37:29 Bracer
38:06 Iron Casting
37:47 Chain Mail Armor
37:56 Conscription
39:17 Chemistry
38:28 Masonry
38:04 Pikeman
38:44 Squires
38:31 Arson
38:48 Elite Skirmisher
39:56 Capped Ram
41:20 Onager
42:42 Bogsveigar
43:29 Fervor
43:21 Atonement
43:22 Devotion
43:38 Block Printing
44:22 Chieftains
43:54 Sappers
44:59 Hoardings
46:04 Banking
46:31 Hoardings
45:43 Elite Berserk
48:17 Two-Man Saw
47:53 Crop Rotation
48:58 Blast Furnace
48:05 Scale Barding Armor
50:07 Ballistics
Connection lost

Rejoining the realm…

Still unreachable

The connection could not be restored.

Session expired

The server has moved on; the page needs a fresh start.